Map: Prion Terraces

Players

Indy

  • Race: Protoss Protoss
  • League: Grandmaster

Miszu - Winner!

  • Race: Terran Terran
  • League: Master

VOD

Have the link to the VOD?

Description

Time

  • Played on: March 21, 2016, 5:57 p.m.
  • Length: 6:53
Show
View Real Time Build Order
Export as new Build Order

Indy Protoss 

Build Orders: 1 Gate Expand 

Get SALT Encoding   

  12  0:01  Probe (Chrono Boost)  
  13  0:11  Probe (Chrono Boost)  
  14  0:18  Pylon  
  14  0:22  Probe (Chrono Boost)  
  15  0:36  Probe (Chrono Boost)  
  15  0:37  Gateway  
  15  0:42  Assimilator  
  16  0:46  Probe (Chrono Boost)  
  18  0:57  Probe (Chrono Boost)  
  18  1:07  Probe (Chrono Boost)  
  19  1:18  Probe (Chrono Boost)  
  20  1:24  Nexus  
  20  1:32  Cybernetics Core  
  20  1:35  Probe (Chrono Boost)  
  21  1:44  Assimilator  
  21  1:46  Probe (Chrono Boost)  
  22  1:50  Pylon  
  22  1:56  Probe (Chrono Boost)  
  23  2:08  Adept (Chrono Boost), Probe (Chrono Boost)  
  26  2:09  Warp Gate  
  26  2:22  Mothership Core  
  28  2:32  Adept (Chrono Boost)  
  30  2:38  Probe  
  30  2:43  Probe  
  32  2:49  Probe  
  33  2:55  Probe  
  33  2:56  Adept (Chrono Boost)  
  35  3:00  Probe  
  36  3:08  Probe  
  36  3:10  Probe  
  36  3:12  Twilight Council  
  38  3:13  Robotics Facility  
  38  3:20  Probe  
  38  3:21  Probe  
  40  3:30  Gateway  
  40  3:31  Gateway, Probe  
  40  3:32  Probe  
  42  3:38  Pylon  
  42  3:42  Probe  
  42  3:44  Probe  
  44  3:49  Resonating Glaives (Chrono Boost)  
  44  3:52  Pylon  
  44  3:53  Probe  
  45  3:56  Warp Prism, Probe  
  45  3:57  Pylon  
  48  4:05  Probe  
  48  4:08  Probe  
  50  4:17  Probe  
  50  4:20  Probe  
  52  4:28  Adept x2  
  52  4:29  Adept, Probe  
  49  4:32  Probe  
  46  4:41  Probe  
  46  4:44  Probe  
  47  4:52  Adept  
  49  4:53  Probe  
  49  4:55  Adept x2  
  49  4:56  Probe  
  49  4:58  Observer  
  55  5:04  Pylon  
  55  5:05  Probe  
  57  5:09  Probe  
  58  5:14  Adept  
  58  5:16  Observer  
  58  5:18  Probe  
  62  5:22  Probe  
  63  5:30  Probe  
  63  5:32  Nexus, Pylon  
  63  5:34  Probe  
  65  5:42  Probe  
  66  5:44  Adept x2  
  70  5:54  Adept  
  64  6:05  Adept x2  
  64  6:08  Observer  
  67  6:12  Gateway x2  
  67  6:13  Gateway  
  67  6:20  Pylon  
  67  6:22  Adept  
  69  6:26  Gateway x2  
  69  6:27  Gateway, Observer  
  68  6:36  Adept x2  
  64  6:45  Adept  
Show
View Real Time Build Order
Export as new Build Order

Miszu Terran - Winner!

Build Orders: Reaper Expand 

Get SALT Encoding   

  12  0:00  SCV  
  13  0:13  SCV  
  14  0:19  Supply Depot  
  14  0:25  SCV  
  15  0:41  SCV  
  15  0:42  Barracks  
  16  0:49  Refinery  
  16  0:53  SCV  
  17  1:05  SCV  
  18  1:17  SCV  
  19  1:29  Orbital Command  
  19  1:34  Reaper  
  20  1:43  Command Center  
  20  1:49  Supply Depot  
  20  1:52  Refinery  
  20  1:56  SCV  
  21  2:07  Barracks Reactor  
  21  2:09  SCV  
  22  2:21  SCV  
  23  2:25  Factory  
  23  2:33  SCV  
  24  2:43  Marine x2  
  26  2:45  SCV  
  27  2:52  Factory  
  27  2:57  SCV  
  28  3:07  Orbital Command  
  28  3:09  SCV  
  29  3:16  Hellion x2  
  33  3:21  Barracks Reactor, SCV  
  33  3:24  Factory  
  34  3:32  SCV  
  34  3:33  SCV  
  36  3:37  Hellion x2  
  40  3:43  Supply Depot  
  40  3:44  SCV  
  40  3:47  SCV  
  42  3:54  Supply Depot  
  42  3:57  SCV  
  42  4:00  SCV  
  42  4:01  Hellion  
  46  4:04  Hellion  
  46  4:05  Hellion  
  46  4:08  Factory Tech Lab  
  46  4:09  SCV  
  51  4:12  SCV  
  52  4:17  Supply Depot x2  
  52  4:19  Hellion  
  53  4:35  Hellion  
  55  4:44  Hellion  
  49  4:46  Cyclone  
  49  4:47  Hellion x2  
  49  4:48  SCV x2  
  49  4:50  Supply Depot x2  
  49  4:51  Infernal Pre-Igniter  
  58  4:57  Hellion  
  60  5:00  SCV  
  60  5:05  Hellion  
  63  5:09  Hellion x2  
  67  5:15  Supply Depot  
  67  5:18  Hellion  
  67  5:19  Cyclone  
  72  5:27  Hellion, SCV  
  75  5:30  Hellion x2  
  75  5:33  SCV  
  75  5:35  Supply Depot  
  80  5:39  SCV  
  80  5:40  Hellion  
  83  5:45  SCV  
  83  5:48  Hellion  
  86  5:51  Hellion, Cyclone, SCV  
  91  6:04  Hellion  
  91  6:05  Hellion  
  91  6:07  Command Center  
  91  6:09  Hellion  
  95  6:12  SCV  
  95  6:13  Hellion  
  95  6:14  Refinery x2  
  95  6:18  Armory  
  98  6:19  SCV  
  98  6:23  Hellion  
  101  6:26  Hellion  
Tags
 
Add a new tag
Caveats
  • Supply blocks, unpowered buildings, or Contaminate may cause inaccurate times.
  • Supply counts are checked every 10 seconds.